 Dungeon Crawl Stone Soup version 0.28.0 (webtiles) character file.

Game seed: 9758276316095210213

44 Senryu the Skirmisher (level 3, -3/28 (29) HPs)
             Began as a Human Monk on Feb 9, 2022.
             Was an Initiate of Gozag.
             Killed by divine providence
             ... invoked by an orc priest
              (11 damage)
             ... on level 3 of the Dungeon.
             The game lasted 00:14:20 (1957 turns).

Senryu the Skirmisher (Human Monk)                  Turns: 1957, Time: 00:14:22

HP:   -3/28 (29)    AC:  5    Str: 10 (11) XL:     3   Next: 87%
MP:   0/3           EV: 13    Int:  8 (10) God:    Gozag
Gold: 132           SH:  0    Dex: 16 (17) Spells: 2/2 levels left

rFire   . . .      SeeInvis .   i - +0 hunting sling
rCold   + . .      Faith    .   (no shield)
rNeg    . . .      Spirit   +   a - +0 robe
rPois   .          Reflect  .   (no helmet)
rElec   .          Harm     .   (no cloak)
rCorr   .          Rampage  .   (no gloves)
Will    .....                   f - +2 pair of boots
Stlth   ++........              g - amulet of guardian spirit
HPRegen 0.09/turn               j - ring of protection from cold
MPRegen 0.08/turn               (no ring)

@: lightly drained
A: no striking features
a: Renounce Religion, Potion Petition, Call Merchant, Bribe Branch


You were on level 3 of the Dungeon.
You worshipped Gozag.
Gozag was aware of your devotion.
You visited 1 branch of the dungeon, and saw 3 of its levels.

You collected 132 gold pieces.

Inventory:

Hand Weapons
 b - a +1 whip of electrocution
 i - a +0 hunting sling (weapon)
Missiles
 c - 19 sling bullets (quivered ammo)
Armour
 a - a +0 robe (worn)
 f - a +2 pair of boots (worn)
Jewellery
 g - an amulet of guardian spirit (around neck)
 j - a ring of protection from cold (left hand)
 o - an amulet of faith
Scrolls
 d - 2 scrolls of vulnerability
Potions
 h - a potion of might {unknown}
 k - a potion of degeneration
 l - a potion of heal wounds {unknown}
 m - a potion of attraction {unknown}


   Skills:
 + Level 3.5 Fighting
 + Level 1.1 Maces & Flails
 + Level 0.7 Slings
 + Level 3.3 Dodging
 + Level 2.2 Stealth
 + Level 3.1 Unarmed Combat


You had 2 spell levels left.
You didn't know any spells.
Your spell library was empty.

Dungeon Overview and Level Annotations

Branches:
Dungeon (3/15)

Altars:
Gozag
Beogh

Shops:
D:1 (


Message History

You now have 132 gold pieces (gained 5).
c - 18 sling bullets (gained 1)
You see here a +0 whip of flaming.
c - 20 sling bullets (gained 2)
Found a knobbly glowing staff.
Found a lumpy grey potion.
You open the door.
An orc priest, 2 orc wizards, 2 orcs and a rat come into view.
An orc wizard is wielding a +2 dagger of draining.
The orc wizard shouts!
The orc shouts!
The orc wizard shouts!
The orc shouts!
Found a bubbling cyan potion and 49 gold pieces.
Found a roughly hewn altar of Beogh.
Okay, then.
Unknown command.
Okay, then.
It was a potion of degeneration.
There was something very wrong with that liquid.
You feel weakened.
You feel dopey.
You feel clumsy.
The orc priest shouts!
It was a potion of magic.
Magic courses through your body.
Fire: 20 sling bullets
Press: ? - help, Q - select action, (/) - cycle Shift-Dir - straight line, f - orc wizard
Aim: an orc wizard, wielding a +2 dagger of draining and wearing a +0 robe (53% to hit)
You shoot a sling bullet. The sling bullet hits the orc wizard!
The orc wizard is heavily wounded.
The orc wizard hits you with a +2 dagger of draining.
You feel drained.
The orc priest invokes the aid of Beogh against you.
Beogh smites you!
Okay, then.
The orc wizard casts a spell at you. The puff of flame hits you!
* * * LOW HITPOINT WARNING * * *
The orc wizard gestures wildly while chanting.
The orc wizard flickers and vanishes!
Deactivating autopickup; reactivate with Ctrl-A.
The orc priest calls down the wrath of Beogh upon you.
Beogh smites you!
You die...
Your body crumbles into a pile of gold.

.P|#.# .P#.#
...# ### ...
$..##
#.####.8.8.#
#.##roo!$._#
#..o{#.8$8$#
#..### o..##
##### #@.# ###
#...######..#
#.#.........#
###...######.##
#.....#
#........
#.##..#
#.#######
#.#...# #.#
#.#.#.# #.#
#.....# #.#


You could see an orc priest, an orc wizard, an orc and a rat.

Vanquished Creatures
  An adder (D:2)
  2 dart slugs (D:1)
  2 ball pythons (D:1)
  4 endoplasms
  2 giant cockroaches (D:1)
  3 goblins (D:1)
  A hobgoblin (D:1)
  A quokka (D:1)
  A bat (D:1)
  3 frilled lizards (D:1)
  6 kobolds
  5 rats
31 creatures vanquished.

Notes
Turn   | Place    | Note
-------+----------+-------------------------------------------
     0 | D:1      | Senryu the Human Monk began the quest for the Orb.
     0 | D:1      | Reached XP level 1. HP: 18/18 MP: 1/1
     1 | D:1      | Noticed an electric eel
   144 | D:1      | Reached XP level 2. HP: 19/24 MP: 2/2
   604 | D:1      | Reached XP level 3. HP: 21/29 MP: 3/3
   755 | D:1      | Found Jeufog's Weapon Shop.
  1233 | D:2      | Found a faded altar of an unknown god.
  1553 | D:2      | Reached skill level 1 in Maces & Flails
  1775 | D:2      | Prayed at the altar of an unknown god.
  1775 | D:2      | Became a worshipper of Gozag Ym Sagoz the Greedy
  1957 | D:3      | Killed from afar by an orc priest

Illustrated notes

Levels and vault maps discovered:
D:1:      arrival_aquarium_a, layout_basic, serial_shops, shop
D:2:      layout_loops_ring, basic_ecumenical_altar
D:3:      layout_loops_ring, nzn_hepliaklqana_mist_gate,
          mainiacjoe_overflow_swirl, kiku_gazebo_garden_becter,
          kennysheep_orc_chapel

Skill      XL: |  1  2  3 |
---------------+----------+-----
Maces & Flails | 1 |  1.1
Fighting       | |  3.5
Slings         | |  0.7
Dodging        | |  3.3
Stealth        | |  2.2
Unarmed Combat | |  3.1

Action                   || total
-------------------------++-------
Melee: Whip              ||    61
       Unarmed           ||     4
       Punch             ||     1
 Fire: Hunting sling     ||    35
  Use: Scroll            ||     2
       Potion            ||     2
 Stab: Sleeping          ||     3
Armor: Robe              ||    14
Dodge: Dodged            ||    48
